 Dungeon Crawl Stone Soup version 0.22.1-2-g9c5b331 (webtiles) character file.

5842 magicm the Quickloader (level 10, -3/92 HPs)
             Began as a Deep Dwarf Hunter on Nov 18, 2018.
             Was a High Priest of Cheibriados.
             Killed from afar by a raiju (5 damage)
             ... with a living lightning
             ... on level 1 of the Abyss.
             The game lasted 00:36:39 (6344 turns).

magicm the Quickloader (Deep Dwarf Hunter)          Turns: 6344, Time: 00:36:40

Health: -3/92      AC:  6    Str: 38    XL:     10   Next: 51%
Magic:  0/0        EV: 19    Int: 31    God:    Cheibriados [*****.]
Gold:   738        SH:  0    Dex: 31    Spells: 9/9 levels left

rFire    + + .     SeeInvis .   b - +7 falchion of the Final Decision {drain, rF++ rC+ Stlth+}
rCold    + . .     Gourm    +   (no shield)
rNeg     . . .     Faith    .   v - +4 robe of Augmentation {Str+4 Int+4 Dex+4}
rPois    .         Spirit   .   (helmet restricted)
rElec    .         Reflect  .   (no cloak)
rCorr    .         Harm     .   (no gloves)
MR       +....                  (no boots)
Stlth    ++++......             m - amulet of the gourmand
HPRegen  0.00/turn              x - +3 ring of strength
MPRegen  0.07/turn              (no ring)

@: non-regenerating, drained, very slow
A: damage resistance, heal wounds, horns 1, sense surroundings 2, strong 1, no
regeneration
a: Heal Wounds, Bend Time, Temporal Distortion, Slouch, Step From Time, Renounce
Religion


You were on level 1 of the Abyss.
You worshipped Cheibriados.
Cheibriados was extremely pleased with you.
You were not hungry.

You visited 2 branches of the dungeon, and saw 10 of its levels.
You visited the Abyss 1 time.

You collected 738 gold pieces.

Inventory:

Hand Weapons
 a - a +1 hand crossbow
 b - the +7 falchion of the Final Decision (weapon) {drain, rF++ rC+ Stlth+}
   (You found it on level 9 of the Dungeon)

   A truly terrible weapon, it drains the life of those it strikes.
   It greatly protects you from fire.
   It protects you from cold.
   It makes you more stealthy.
Missiles
 d - 62 bolts
Armour
 p - a +0 helmet
 v - the +4 robe of Augmentation (worn) {Str+4 Int+4 Dex+4}
   (You found it on level 6 of the Dungeon)

   It affects your strength (+4).
   It affects your intelligence (+4).
   It affects your dexterity (+4).
Jewellery
 m - an amulet of the gourmand (around neck)
 r - a +2 amulet of reflection {unknown}
 x - a +3 ring of strength (left hand)
Wands
 q - a wand of acid (9)
Scrolls
 e - a scroll of magic mapping
 g - 3 scrolls of blinking
 l - a scroll of fear
 n - 3 scrolls of remove curse
 t - 3 scrolls of teleportation
Potions
 h - 5 potions of agility
 j - a potion of cancellation {unknown}
 k - 2 potions of invisibility {unknown}
 o - 2 potions of haste {unknown}
 s - 5 potions of curing
 u - a potion of magic {unknown}
 w - a potion of degeneration {unknown}
 z - a potion of might {unknown}
 A - a potion of brilliance {unknown}
 B - a potion of berserk rage {unknown}
Miscellaneous
 y - a phantom mirror
Comestibles
 f - 13 rations


   Skills:
 + Level 6.9(6.7) Fighting
 + Level 3.2(3.0) Long Blades
   Level 5.0(5.7) Axes
   Level 4.1(4.9) Maces & Flails
 + Level 10.3(10.0) Crossbows
 + Level 6.0(5.8) Armour
 + Level 6.3(6.1) Dodging
 + Level 3.8(3.7) Stealth
 + Level 0.8(0.7) Invocations


You had 9 spell levels left.
You didn't know any spells.
Your spell library contained the following spells:

 Spells                   Type           Power        Failure   Level  Hunger
 Animate Skeleton         Necr           N/A          9%          1    ##.....
 Beastly Appendage        Tmut           #.....       9%          1    ##.....
 Confusing Touch          Hex            #.....       9%          1    ##.....
 Corona                   Hex            #......      9%          1    ##.....
 Pain                     Necr           #...         9%          1    ##.....
 Slow                     Hex            #.......     14%         2    ###....
 Sticks to Snakes         Tmut           #.......     14%         2    ###....
 Confuse                  Hex            #.......     26%         3    ####...
 Gell's Gravitas          Tloc           #.........   26%         3    ####...
 Inner Flame              Hex/Fire       #.......     26%         3    ####...
 Portal Projectile        Hex/Tloc       #.....       26%         3    ####...
 Spider Form              Tmut/Pois      #.........   26%         3    ####...
 Vampiric Draining        Necr           #.........   26%         3    ####...
 Animate Dead             Necr           N/A          65%         4    #####..
 Cause Fear               Hex            #.........   65%         4    #####..
 Ice Form                 Ice/Tmut       #.......     65%         4    #####..
 Leda's Liquefaction      Hex/Erth       #.........   65%         4    #####..
 Petrify                  Tmut/Erth      #.......     65%         4    #####..
 Blade Hands              Tmut           #.........   94%         5    ######.
 Metabolic Englaciation   Hex/Ice        #.........   94%         5    ######.
 Yara's Violent Unravell  Hex/Tmut       #.........   94%         5    ######.
 Regeneration             Chrm/Necr      Unusable     N/A         3    N/A

Dungeon Overview and Level Annotations

Branches:
Dungeon (9/15)             Temple (0/1) D:5             Orc (1/2) D:9
   Lair: D:8-11

Altars:
Ashenzari
Cheibriados
Fedhas
Hepliaklqana
Nemelex Xobeh
Okawaru
Sif Muna
Trog
Uskayaw
Wu Jian
Xom
The Shining One
Beogh

Annotations:
Orc:1 Sonja


Innate Abilities, Weirdness & Mutations

You are resistant to damage.
You can heal yourself by infusing magical energy.
You passively map the area around you.
You do not regenerate.
You have a pair of small horns on your head.
Your muscles are strong. (Str +2)


Message History

The raiju bites you.
* * * LOW HITPOINT WARNING * * *
The raiju shocks you!
* * * LOW HITPOINT WARNING * * *
Unknown command.
You miss the raiju.
The raiju is heavily wounded.
The raiju misses you.
You riposte.
You hit the raiju but do no damage. You headbutt the raiju.
The raiju is severely wounded.
The raiju misses you.
You riposte.
You closely miss the raiju. Your headbutt misses the raiju.
The raiju is moderately wounded.
You slash the raiju! You drain the raiju! Your headbutt misses the raiju.
The raiju is almost dead.
The raiju bursts into living lightning!
The living lightning misses you. x2; The raiju blinks!
The raiju bursts into living lightning!
The living lightning hits you!
You die...

.. . . .
..#. ## ##.
. . ..#. .#
. .. ..
####(. # .
... .
........ .
. . ..
#...# .
.... . #.##
#.(.. # ..
... # .
#..#### # .
. #.##
##h@..# ..
... . . ###
#.##h#..# .
. . # #..
..#.
#h#..## . .
. #. ....
..#.. #...
... #.
..#.##.#
### . .
.##..#..
.### .. . #
...##.....#
... .
.#.#.#
.#### #.. .
.##


You could see 3 raiju.

Vanquished Creatures
  Harold (D:9)
  The ghost of Loge the Ruffian, a novice TrMo of Qazlal (D:6)
  A raiju (Abyss:1)
  A wyvern (D:8)
  A hungry ghost (D:9)
  2 orc warriors (D:8)
  2 ice beasts
  4 sky beasts
  4 ogres
  A black bear (D:7)
  2 necrophages
  4 phantoms
  2 centaurs (D:5)
  A crocodile (D:9)
  2 bullfrogs (D:7)
  3 scorpions
  2 troll zombies (D:9)
  3 howler monkeys (D:7)
  9 wights
  A crimson imp (D:6)
  5 jellies
  A centaur skeleton (D:9)
  5 hounds
  5 orc priests
  3 iguanas
  6 worker ants
  6 orc wizards
  6 ogre zombies (D:9)
  A hound zombie (D:7)
  A worker ant zombie (D:9)
  4 gnolls (D:5)
  8 adders
  An ufetubus (Abyss:1)
  2 oozes
  2 adder zombies
  An adder skeleton (D:9)
  A worm (D:5)
  A dart slug (D:1)
  4 leopard geckos
  45 orcs
  3 giant cockroaches
  4 goblins
  9 hobgoblins
  3 jackals (D:5)
  2 quokkas
  A ball python skeleton (D:4)
  5 bats
  3 frilled lizards
  5 goblin skeletons (D:9)
  2 goblin zombies (D:9)
  3 hobgoblin zombies (D:9)
  5 kobolds
  4 orc skeletons (D:9)
  11 orc zombies (D:9)
  5 rats
220 creatures vanquished.

Notes
Turn   | Place    | Note
-------+----------+-------------------------------------------
     0 | D:1      | magicm the Deep Dwarf Hunter began the quest for the Orb.
     0 | D:1      | Reached XP level 1. HP: 19/19 MP: 1/1
   145 | D:1      | Reached XP level 2. HP: 23/26 MP: 2/2
   446 | D:1      | Reached skill level 5 in Crossbows
   528 | D:1      | Found a shimmering altar of Xom.
   985 | D:2      | Reached XP level 3. HP: 31/32 MP: 3/3
  1282 | D:3      | Found a snail-covered altar of Cheibriados.
  1373 | D:3      | Reached skill level 1 in Armour
  1373 | D:3      | Reached XP level 4. HP: 23/39 MP: 4/4
  1378 | D:3      | Reached skill level 6 in Crossbows
  1565 | D:3      | Reached XP level 5. HP: 18/46 MP: 5/5
  1809 | D:3      | Became a worshipper of Cheibriados the Contemplative
  1920 | D:4      | Noticed an ogre
  1923 | D:4      | Killed an ogre
  1995 | D:4      | Reached skill level 1 in Maces & Flails
  1995 | D:4      | Reached XP level 6. HP: 55/55 MP: 6/6
  2064 | D:4      | Found a hazy altar of Hepliaklqana.
  2143 | D:4      | Reached skill level 7 in Crossbows
  2266 | D:4      | Reached * piety under Cheibriados
  2366 | D:4      | Found an iron altar of Okawaru.
  2559 | D:5      | Entered Level 5 of the Dungeon
  2559 | D:5      | Noticed a sky beast
  2576 | D:5      | Killed a sky beast
  2582 | D:5      | Reached XP level 7. HP: 26/62 MP: 5/7
  2907 | D:5      | Found a glowing golden altar of the Shining One.
  2988 | D:5      | Reached ** piety under Cheibriados
  3256 | D:5      | Reached XP level 8. HP: 41/69 MP: 5/5
  3274 | D:5      | Found a staircase to the Ecumenical Temple.
  3341 | D:6      | Found the +4 robe of Augmentation {Str+4 Int+4 Dex+4}
  3549 | D:6      | Found a runed door.
  3550 | D:6      | Noticed Loge's ghost (novice TrMo)
  3941 | D:6      | Found a deep blue altar of Sif Muna.
  3948 | D:6      | Found a shattered altar of Ashenzari.
  4338 | D:6      | Killed Loge's ghost
  4338 | D:6      | Reached skill level 1 in Axes
  4338 | D:6      | Reached skill level 8 in Crossbows
  4338 | D:6      | Reached skill level 5 in Armour
  4455 | D:7      | Reached skill level 9 in Crossbows
  4455 | D:7      | Gained mutation: You passively map the area around you.
                  | [Deep Dwarf growth]
  4455 | D:7      | Reached XP level 9. HP: 67/79 MP: 4/4
  4552 | D:7      | Reached *** piety under Cheibriados
  4624 | D:7      | Reached skill level 5 in Fighting
  4653 | D:7      | Identified a scroll of acquirement
  5012 | D:8      | Reached **** piety under Cheibriados
  5035 | D:8      | Reached skill level 5 in Axes
  5050 | D:8      | Reached skill level 5 in Dodging
  5067 | D:8      | Found a roughly hewn altar of Beogh.
  5317 | D:8      | Reached skill level 1 in Long Blades
  5507 | D:9      | Reached ***** piety under Cheibriados
  5509 | D:9      | Reached XP level 10. HP: 85/91 MP: 4/4
  5528 | D:9      | Found a staircase to the Orcish Mines.
  5658 | D:9      | Found a blossoming altar of Fedhas.
  5659 | D:9      | Found a sparkling altar of Nemelex Xobeh.
  5659 | D:9      | Found a hide-covered altar of Uskayaw.
  5659 | D:9      | Found an ornate altar of the Wu Jian Council.
  5660 | D:9      | Found a bloodstained altar of Trog.
  5660 | D:9      | Noticed Harold
  5694 | D:9      | Killed Harold
  5742 | D:9      | Reached skill level 10 in Crossbows
  6036 | D:9      | Got a scorched falchion
  6037 | D:9      | Identified the +7 falchion of the Final Decision {drain,
                  | rF++ rC+ Stlth+} (You found it on level 9 of the Dungeon)
  6238 | Orc:1    | Entered Level 1 of the Orcish Mines
  6238 | Orc:1    | Noticed Sonja
  6238 | Orc:1    | Noticed an orc sorcerer
  6242 | Orc:1    | Paralysed by an orc sorcerer for 6 turns
  6247 | Orc:1    | Cast into level 1 of the Abyss (orc warrior)
  6248 | Abyss:1  | HP: 4/92 [poisoned by Sonja]
  6253 | Abyss:1  | Gained mutation: Your muscles are strong. (Str +2) [potion
                  | of mutation]
  6253 | Abyss:1  | Gained mutation: You have a pair of small horns on your
                  | head. [potion of mutation]
  6341 | Abyss:1  | HP: 2/92 [raiju (6)]
  6344 | Abyss:1  | Killed from afar by a raiju

Skill      XL: |  1  2  3  4  5  6  7  8  9 10 |
---------------+-------------------------------+-----
Fighting       | 2 3 4 6 |  6.9
Crossbows      | 5 6 7 9 10 | 10.3
Armour         | 1 2 3 4 5 6 |  6.0
Maces & Flails | 1 3 4 |  4.1
Stealth        | 2 3 |  3.8
Dodging        | 3 4 5 6 |  6.3
Axes           | 1 5 |  5.0
Long Blades    | 1 3 |  3.2
Invocations    | |  0.8

Action                   |  1- 3 |  4- 6 |  7- 9 | 10-12 || total
-------------------------+-------+-------+-------+-------++-------
Melee: Short sword       |    22 |       |       |       ||    22
       Flail             |       |    33 |    93 |    30 ||   156
       Hand axe          |       |       |   137 |       ||   137
       Great sword       |       |       |    15 |    36 ||    51
       Falchion          |       |       |       |    19 ||    19
       Headbutt          |       |       |       |     9 ||     9
 Fire: Hand crossbow     |    66 |    61 |   151 |    57 ||   335
Invok: Bend Time         |       |     1 |       |     1 ||     2
 Abil: Heal Wounds       |     1 |     3 |    21 |    12 ||    37
  Use: Scroll            |    12 |     3 |     9 |     1 ||    25
       Potion            |       |       |     4 |     5 ||     9
 Stab: Distracted        |       |       |       |     1 ||     1
  Eat: Ration            |     1 |     1 |       |     1 ||     3
       Chunk             |       |       |     3 |       ||     3
Armor: Leather armour    |     3 |       |       |       ||     3
       Ring mail         |     2 |    54 |    84 |       ||   140
       Robe              |       |       |    31 |    30 ||    61
Dodge: Dodged            |    22 |   112 |   365 |   150 ||   649
       Rpst.: Great sword |       |       |     2 |    26 ||    28
       Falchion          |       |       |       |     8 ||     8
